 Dungeon Crawl Stone Soup version 0.28-a0-863-g8cecda6153 (webtiles) character file.

Game seed: 4113611613248271374

947 demibob the Cruncher (level 7, -2/49 (51) HPs)
             Began as a Demonspawn Gladiator on Nov 19, 2021.
             Was an Initiate of Cheibriados.
             Slain by a wight (3 damage)
             ... on level 5 of the Dungeon.
             The game lasted 00:07:21 (6423 turns).

demibob the Cruncher (Demonspawn Gladiator)         Turns: 6423, Time: 00:07:22

HP:   -2/49 (51)    AC:  7    Str: 16    XL:     7   Next: 89%
MP:   7/7           EV: 12    Int: 11    God:    Cheibriados [......]
Gold: 252           SH:  0    Dex: 16    Spells: 6/6 levels left

rFire   . . .      SeeInvis .   a - +1 quarterstaff
rCold   . . .      Faith    .   (shield currently unavailable)
rNeg    . . .      Spirit   .   b - +0 leather armour
rPois   .          Reflect  .   c - +1 helmet
rElec   .          Harm     .   (no cloak)
rCorr   +          Rampage  .   (no gloves)
Will    .....                   f - +0 pair of boots
Stlth   +.........              (no amulet)
HPRegen 0.16/turn               R - ring of resist corrosion
MPRegen 0.10/turn               (no ring)

@: mighty, lightly drained, very slow
A: claws 2, rugged brown scales 1, demonic magic 1
a: Renounce Religion


You were on level 5 of the Dungeon.
You worshipped Cheibriados.
Cheibriados was noncommittal.
You visited 2 branches of the dungeon, and saw 6 of its levels.

You collected 252 gold pieces.


Innate Abilities, Weirdness & Mutations

You have very sharp fingernails.
You are partially covered in rugged brown scales. (AC +1, +3% HP)
Spells you cast may paralyse adjacent enemies.


   Skills:
 - Level 2.0 Fighting
 + Level 8.8 Staves
 - Level 1.7 Throwing
 - Level 2.6 Dodging


You had 6 spell levels left.
You didn't know any spells.
Your spell library contained the following spells:

 Spells                   Type           Power      Damage    Failure   Level
 Slow                     Hex            0%         N/A       41%         1
 Confusing Touch          Hex            0%         N/A       78%         3
 Conjure Flame            Conj/Fire      0%         6-21      78%         3
 Ignite Poison            Fire/Tmut/Pois 0%         N/A       78%         3
 Vampiric Draining        Necr           0%         2d6       78%         3
 Sticky Flame             Conj/Fire      0%         2d3       99%         4
 Dispersal                Tloc           0%         N/A       100%        6
 Disjunction              Tloc           0%         N/A       100%        8

Inventory:

Hand Weapons
 a - a +1 quarterstaff (weapon)
Missiles
 d - 3 throwing nets (quivered) {=f}
 g - 4 curare-tipped darts {=f}
Armour
 b - a +0 leather armour (worn)
 c - a +1 helmet (worn)
 f - a +0 pair of boots (worn)
 i - a scarf of harm
Jewellery
 R - a ring of resist corrosion (left claw)
Scrolls
 e - a scroll of teleportation {@r2}
 h - a scroll of enchant weapon
Potions
 j - a potion of might
 k - 2 potions of brilliance
 l - 4 potions of haste {@q3}
 m - a potion of heal wounds {unknown}

Dungeon Overview and Level Annotations

Branches:
Dungeon (5/15)             Temple (1/1) D:5

Altars:
Ashenzari
Cheibriados
Dithmenos
Elyvilon
Fedhas
Gozag
Hepliaklqana
Kikubaaqudgha
Nemelex Xobeh
Okawaru
Qazlal
Ru
Sif Muna
Uskayaw
Vehumet
Xom
Yredelemnul
The Shining One

Annotations:
D:5 1 runed translucent door, Crazy Yiuf

..####...##.......#
..........#......##
.....###.....#...#
.###.# ##...####.##
.# #.# ....# ##.###
.# #.▒ ....# ##..#
...... #..# ##.##
.....# #... ##..#
...... #...###@#.#
#...#. .#....#.)z.#
#.▒. . .........###
#.>.###.## #. #..##
▒# #...# ... #..##
#... #..# .....
##..##


You could see a wight.


Message History

Things that are here:
a +2 scimitar; a +0 robe You closely miss the wight.
The wight hits you with a +4 spear. The wight hits you with a +3 mace!
* * * LOW HITPOINT WARNING * * *
You feel drained.
* * * LOW HITPOINT WARNING * * *
You are too injured to fight recklessly!
You sock the wight!
The wight is heavily damaged.
The wight closely misses you.
You closely miss the wight.
The wight is heavily damaged.
The wight barely misses you.
You barely miss the wight.
The wight is heavily damaged.
The wight hits you but does no damage. The wight hits you with a +3 mace.
* * * LOW HITPOINT WARNING * * *
You sock the wight!
You destroy the wight!
Cheibriados appreciates the change of pace.
The wight hits you with a +3 mace.
* * * LOW HITPOINT WARNING * * *
Your life force feels restored.
You thump the wight!
The wight is heavily damaged.
The wight hits you with a +3 mace!
* * * LOW HITPOINT WARNING * * *
You feel drained.
You die...

Skill      XL: |  1  2  3  4  5  6  7 |
---------------+----------------------+-----
Staves         | 3 4 5 6 7 8 |  8.8
Fighting       | |  2.0
Throwing       | |  1.7
Dodging        | |  2.6

Action                   |  1- 3 |  4- 6 |  7- 9 || total
-------------------------+-------+-------+-------++-------
Melee: Quarterstaff      |   115 |   194 |    85 ||   394
Evoke: Wand              |       |     2 |     1 ||     3
  Use: Scroll            |     4 |     2 |     1 ||     7
       Potion            |       |     4 |     1 ||     5
 Stab: Sleeping          |       |     2 |       ||     2
       Paralysed         |       |    12 |     6 ||    18
Armor: Leather armour    |    41 |    51 |    19 ||   111
Dodge: Dodged            |    85 |    84 |    37 ||   206

Levels and vault maps discovered:
D:1:      nagdon_arrival_double_spiral, layout_rooms, hangedman_decor_points,
          palyth_stone_intersect, minmay_misc_feat_roman
D:2:      layout_loops_corners, shapermc_ecumenical_altar_mp_ritualfount,
          uniq_natasha
D:3:      minmay_skewed_foursquare, layout_basic, serial_bayou_lagoon_b,
          uniq_robin, uniq_ijyb
D:4:      minmay_recursive_quarters, layout_basic
D:5:      nicolae_cairo_tiling_large_dashed, layout_layer_cave,
          kennysheep_mini_moat, minmay_temple_entry_statues_pillars,
          serial_shops, nicolae_diamond_shop,
          nicolae_concentric_dashed_squares_mild,
          minmay_shop_enchanted_jewellery, st_stairs_4, minivault_11,
          kennysheep_generic_room_4, uniq_crazy_yiuf_cottage
Temple:   hc_temple_tempest_star

Notes
Turn   | Place    | Note
-------+----------+-------------------------------------------
     0 | D:1      | demibob the Demonspawn Gladiator began the quest for the
                  | Orb.
     0 | D:1      | Reached XP level 1. HP: 16/16 MP: 1/1
    86 | D:1      | Reached skill level 3 in Staves
   143 | D:1      | You fall into a shaft and drop 1 floor!
   473 | D:1      | Gained mutation: You have sharp fingernails. [demonic
                  | ancestry]
   473 | D:1      | Reached XP level 2. HP: 17/22 MP: 2/2
   712 | D:1      | Gained mutation: You are partially covered in rugged brown
                  | scales. (AC +1, +3% HP) [demonic ancestry]
   712 | D:1      | Reached XP level 3. HP: 12/27 MP: 3/3
  1080 | D:1      | Reached skill level 4 in Staves
  1876 | D:2      | Found a faded altar of an unknown god.
  1936 | D:2      | Noticed Natasha
  2050 | D:2      | Killed Natasha
  2051 | D:2      | Reached XP level 4. HP: 22/33 MP: 4/4
  2281 | D:2      | Noticed Natasha
  2300 | D:2      | Killed Natasha
  2854 | D:3      | Reached skill level 5 in Staves
  2947 | D:3      | Gained mutation: Spells you cast may paralyse adjacent
                  | enemies. [demonic ancestry]
  2947 | D:3      | Reached XP level 5. HP: 37/39 MP: 5/5
  3158 | D:3      | Noticed Ijyb
  3182 | D:3      | Paralysed by Ijyb for 4 turns
  3188 | D:3      | Killed Ijyb
  3286 | D:3      | Noticed Robin
  3308 | D:3      | Killed Robin
  4013 | D:3      | Reached skill level 6 in Staves
  4364 | D:4      | Reached XP level 6. HP: 45/45 MP: 6/6
  4635 | D:4      | Reached skill level 7 in Staves
  4696 | D:4      | Gained mutation: You have very sharp fingernails. [demonic
                  | ancestry]
  4696 | D:4      | Reached XP level 7. HP: 31/51 MP: 7/7
  5134 | D:4      | Reached skill level 8 in Staves
  5916 | D:5      | Entered Level 5 of the Dungeon
  5925 | D:5      | Found a runed translucent door.
  5926 | D:5      | Noticed Crazy Yiuf
  5959 | D:5      | Found a staircase to the Ecumenical Temple.
  5998 | Temple   | Entered the Ecumenical Temple
  6236 | Temple   | Became a worshipper of Cheibriados the Contemplative
  6423 | D:5      | HP: 1/51 [wight (9)]
  6423 | D:5      | Slain by a wight

Vanquished Creatures
  A necrophage (D:4)
  2 ogres (D:4)
  2 scorpions (D:4)
  2 wights (D:5)
  A jelly (D:4)
  A bullfrog skeleton (D:5)
  3 hounds (D:4)
  An iguana (D:4)
  Natasha (twice) (D:2)
  Ijyb (D:3)
  Robin (D:3)
  11 gnolls
  An adder (D:3)
  3 worms
  A dart slug (D:1)
  4 orcs
  7 endoplasms
  3 giant cockroaches
  18 goblins
  9 hobgoblins
  7 jackals
  5 quokkas
  11 ball pythons
  5 bats
  A frilled lizard (D:1)
  8 kobolds
  7 rats
118 creatures vanquished.

Vanquished Creatures (others)
  A fungus (D:2)
  5 plants
6 creatures vanquished.

Grand Total: 124 creatures vanquished

Table legend: (Time is in decaauts)
 A = Elapsed time spent in this place.
 B = Non-inter-level travel time spent in this place.
 C = Inter-level travel time spent in this place.
 D = Time resting spent in this place.
 E = Time spent auto-exploring this place.
 F = Levels seen in this place.
 G = Mean time per level.
                   A        B        C        D        E       F      G
               +--------+--------+--------+--------+--------+-----+--------+
         Total |   6508 |   6301 |    207 |   1627 |   3766 |   6 | 1084.7 |
       Dungeon |   6243 |   6074 |    169 |   1627 |   3555 |   5 | 1248.6 |
        Temple |    264 |    227 |     37 |      0 |    211 |   1 |  264.0 |
               +--------+--------+--------+--------+--------+-----+--------+

Top non-repeatable levels by time:
     D:2: 1979 daAuts
     D:4: 1561 daAuts
     D:3: 1345 daAuts
     D:1: 1078 daAuts
     D:5: 278 daAuts
  Temple: 264 daAuts

Table legend:
 A = Non-vault XP
 B = Vault XP
 C = Vault XP percentage of total XP
 D = Non-vault monster count
 E = Vault monster count
 F = Vault count percentage of total count
                 A         B        C        D         E       F
            +---------+---------+-------+---------+---------+-------
      Total |    1093 |     260 |  19.2 |      88 |      30 |  25.4
            +---------+---------+-------+---------+---------+-------
        D:1 |      59 |       0 |   0.0 |      35 |       0 |   0.0
        D:2 |      60 |      36 |  37.5 |      13 |       1 |   7.1
        D:3 |     138 |      85 |  38.1 |      20 |      21 |  51.2
        D:4 |     675 |     139 |  17.1 |      16 |       8 |  33.3
        D:5 |     161 |       0 |   0.0 |       4 |       0 |   0.0
            +---------+---------+-------+---------+---------+-------
